AoeStats
← newats2007

Arena

509748497Analyzed
3v3 RM · 3d ago on Sep 27, 2026· 44m 17s· 6 players
Game mode
Random Map
Map size
Normal (6 player)
Population
200
Speed
Normal
Resources
Standard
Victory
Conquest
Starting age
Dark Age
Ending age
Imperial Age
RankedLock teamsTeams togetherTeam positionsShared explorationLock speedFull tech treeHidden civsTurbo modeCheats
Victory
Defeat
🇮🇳 Khmer · India
1193
+14
🇩🇪 Britons · Germany
1192
+13
🇨🇦 Goths · Canada
1192
+14
1145
-14
🇦🇷 Romans · Argentina
1144
-14
🇦🇷 Byzantines · Argentina
1134
-13
Dine'nDash
10:48 Feudal Age
15:16 Castle Age
13:24 Horse Collar
14:32 Fletching
16:02 Crossbowman
20:35 Heavy Plow
21:18 Loom
21:33 Double-Bit Axe
24:36 Ballistics
25:26 Wheelbarrow
25:13 Bow Saw
25:34 Bodkin Arrow
27:14 Hand Cart
32:20 Imperial Age
30:57 Padded Archer Armor
33:10 Bracer
32:32 Arbalester
35:17 Leather Archer Armor
36:07 Chemistry
36:30 Yeomen
36:14 Gold Mining
39:00 Onager
39:54 Forging
43:33 Town Watch
Loki_GT
0:26 Loom
12:08 Feudal Age
16:35 Castle Age
14:25 Double-Bit Axe
14:21 Horse Collar
14:48 Man-at-Arms
15:45 Forging
18:15 Long Swordsman
18:20 Pikeman
19:02 Scale Mail Armor
25:13 Stone Mining
25:14 Gold Mining
26:21 Bow Saw
27:59 Wheelbarrow
29:28 Squires
28:49 Pikeman
30:22 Hand Cart
30:37 Anarchy
33:31 Imperial Age
32:05 Anarchy
32:22 Chain Mail Armor
35:27 Perfusion
35:48 Conscription
36:14 Iron Casting
35:32 Two-Handed Swordsman
37:23 Elite Huskarl
39:55 Blast Furnace
42:29 Two-Man Saw
newats2007
10:52 Feudal Age
10:28 Loom
13:46 Castle Age
24:35 Horse Collar
24:48 Double-Bit Axe
26:51 Heavy Plow
31:50 Imperial Age
30:41 Wheelbarrow
31:13 Forging
30:54 Fletching
31:04 Padded Archer Armor
32:51 Iron Casting
33:13 Bow Saw
33:59 Double Crossbow
36:01 Conscription
35:47 Heavy Scorpion
37:17 Hand Cart
36:48 Town Watch
37:46 Light Cavalry
38:36 Bloodlines
38:27 Husbandry
38:00 Light Cavalry
41:54 Blast Furnace
40:50 Bodkin Arrow
41:10 Leather Archer Armor
43:28 Chemistry
42:48 Ballistics
42:35 Siege Engineers
42:00 Light Cavalry
42:51 Bloodlines
43:27 Bracer
43:28 Scale Mail Armor
43:33 Scale Barding Armor
43:49 Gold Mining
45:15 Conscription
_Lucho
11:10 Feudal Age
14:59 Castle Age
14:26 Double-Bit Axe
19:43 Wheelbarrow
23:19 Fortified Wall
26:51 Imperial Age
26:11 Hand Cart
26:44 Padded Archer Armor
26:37 Fletching
27:44 Leather Archer Armor
26:56 Elite Skirmisher
28:30 Bodkin Arrow
28:35 Pikeman
29:22 Squires
33:38 Ballistics
38:57 Ring Archer Armor
39:32 Bracer
42:15 Scale Mail Armor
43:13 Loom
42:50 Elite Varangian Guard
emanuel.fc
11:22 Feudal Age
15:32 Castle Age
13:49 Double-Bit Axe
14:40 Man-at-Arms
15:28 Loom
20:48 Loom
27:27 Bow Saw
27:10 Gold Mining
27:05 Horse Collar
29:15 Heavy Plow
30:10 Fortified Wall
31:33 Wheelbarrow
31:40 Masonry
32:11 Ballistics
37:10 Hand Cart
43:30 Imperial Age
40:46 Town Watch
43:59 Heavy Scorpion
Iván IV de Rusia [El Terrible]
11:07 Feudal Age
14:53 Castle Age
12:41 Double-Bit Axe
12:57 Horse Collar
15:04 Wheelbarrow
16:05 Bow Saw
15:58 Heavy Plow
21:37 Hand Cart
21:45 Loom
24:37 Fletching
25:34 Gold Mining
28:07 Stone Mining
28:55 Gold Shaft Mining
29:32 Forging
29:22 Scale Mail Armor
29:35 Town Watch
30:43 First Crusade
34:18 Imperial Age
32:16 Chain Mail Armor
32:36 Iron Casting
35:05 Elite Serjeant
35:07 Capped Ram
36:21 Plate Mail Armor
36:51 Blast Furnace
36:20 Siege Engineers
36:55 Crop Rotation
38:23 Chemistry
37:50 Conscription
38:05 Hoardings
37:54 Siege Ram
Connection lost

Rejoining the realm…

Still unreachable

The connection could not be restored.

Session expired

The server has moved on; the page needs a fresh start.